 Dungeon Crawl Stone Soup version 0.31.0-1-g2c135a008e (webtiles) character file.

Game seed: 15837010411572389472

504 qw the Shooter (level 7, -5/52 HPs)
             Began as a Djinni Hunter on Jan 23, 2024.
             Slain by an ogre
             ... wielding a +0 giant spiked club
              (8 damage)
             ... on level 5 of the Dungeon.
             The game lasted 00:00:11 (3347 turns).

qw the Shooter (Djinni Hunter)                      Turns: 3347, Time: 00:00:12

Health: -5/52      AC:  7    Str: 10    XL:     7   Next: 41%
Gold:   229        EV: 13    Int: 11    God:
                   SH:  0    Dex: 18

rFire   + + .        a - +0 shortbow
rCold   . . .        (shield currently unavailable)
rNeg    . . .        g - +3 leather armour
rPois   inf          (no helmet)
rElec   .            (no cloak)
rCorr   .            h - +0 pair of gloves
SInv    .            (boots unavailable)
Will    .....        (no amulet)
Stlth   ++           e - ring of protection from cold
HPRegen 0.28/turn    (no ring)
MPRegen 0.00/turn

%: infuse magic (-6 HP)
@: about to teleport, flying
A: sickness immunity, fire resistance 2, cold vulnerability 1, float, innate
caster, HP casting, extra vitality 1
a: no special abilities


You were on level 5 of the Dungeon.
You visited 1 branch of the dungeon, and saw 5 of its levels.

You collected 229 gold pieces.


Innate Abilities, Weirdness & Mutations

You are immune to sickness and miasma.
You are immune to poison.
Your flesh is very heat resistant. (rF++)
You are vulnerable to cold. (rC-)
You float through the air rather than walking.
You learn spells naturally, not from books.
Your magical power is your life essence.
You have superior vitality. (+4 MHP)


   Skills:
 - Level 4.0 Fighting
 + Level 5.9 Ranged Weapons
 - Level 1.2 Armour
 - Level 3.1 Dodging
 - Level 0.7 Stealth


You knew the following spells:

 Your Spells              Type           Power      Damage    Failure   Level
a - Freeze                Ice            0%         1d3       43%         1
b - Jinxbite              Hex            0%         N/A       56%         2
c - Ensorcelled Hibernat  Hex/Ice        0%         N/A       56%         2
Your spell library was empty.

Inventory:

Hand Weapons
 a - a +0 shortbow (weapon)
Armour
 g - a +3 leather armour (worn)
 h - a +0 pair of gloves (worn)
Jewellery
 e - a ring of protection from cold (left hand)
Wands
 d - a wand of light (1)
Scrolls
 b - a scroll of teleportation
 c - 2 scrolls of identify
Potions
 f - 2 potions of might
 i - a potion of enlightenment
 j - a potion of attraction {unknown}
 l - a potion of heal wounds {unknown}

Dungeon Overview and Level Annotations

Branches:
Dungeon (5/15)
 Temple: D:4-7

Altars:
Trog

Shops:
D:1 :   D:4 (


Message History

You shoot an arrow. The arrow barely misses the phantom.
The phantom barely misses you.
You shoot an arrow. The arrow hits the phantom!
You destroy the phantom!
c - 2 scrolls of identify An ogre comes into view.
It is wielding a +0 giant club.
Found a stone staircase leading down.
You shoot an arrow. The arrow hits the ogre.
The ogre shouts!
The ogre is lightly wounded.
You shoot an arrow. The arrow barely misses the ogre.
You shoot an arrow. The arrow hits the ogre.
The ogre is moderately wounded.
An ogre comes into view. It is wielding a +0 giant spiked club.
You shoot an arrow. The arrow hits the ogre!
The ogre is heavily wounded.
You shoot an arrow.
The arrow hits the ogre but does no damage.
The ogre is heavily wounded.
You shoot an arrow. The arrow hits the ogre.
The ogre is heavily wounded.
The ogre closely misses you.
You shoot an arrow.
The arrow hits the ogre but does no damage.
The ogre is heavily wounded.
The ogre hits you with a +0 giant club!!
Ouch! That really hurt!
The ogre hits you with a +0 giant spiked club!!
3345 ||| READING 2 scrolls of teleportation.
As you read the scroll of teleportation, it crumbles to dust.
You feel strangely unstable. The ogre barely misses you.
You shoot an arrow.
The arrow hits the ogre but does no damage.
The ogre is heavily wounded.
The ogre barely misses you.
You shoot an arrow. The arrow barely misses the ogre.
The ogre barely misses you.
The ogre hits you with a +0 giant spiked club!
You die...

#
###..#################
>.....O@.............#
##.###O#############.#
... #.# #.## #.# ...
#.### #.# #...# #.
###.# . #.# #.#


You could see 2 ogres.

Vanquished Creatures
  An ogre (D:4)
  A phantom (D:5)
  A scorpion (D:5)
  A howler monkey (D:4)
  A bombardier beetle (D:5)
  A hound (D:4)
  A sleepcap (D:4)
  8 adders
  A river rat (D:4)
  A dart slug (D:4)
  A ribbon worm (D:2)
  2 orcs (D:3)
  6 bats
  8 endoplasms
  3 giant cockroaches
  9 goblins
  10 hobgoblins
  2 jackals (D:3)
  A quokka (D:4)
  5 ball pythons
  A frilled lizard (D:4)
  5 kobolds
  5 rats
75 creatures vanquished.

Notes
Turn   | Place    | Note
-------+----------+-------------------------------------------
     0 | D:1      | qw the Djinni Hunter began the quest for the Orb.
     0 | D:1      | Reached XP level 1. HP: 18/18 MP: 0/0
     0 | D:1      | 0 ||| qw: Version: 0.3-a-132-g3d54051
     0 | D:1      | 0 ||| qw: Game counter: 590
     0 | D:1      | 0 ||| qw: Melee chars always use a shield: true
     0 | D:1      | 0 ||| qw: God list: Okawaru
     0 | D:1      | 0 ||| qw: Allow faded altars: false
     0 | D:1      | 0 ||| qw: Do Orc after clearing Dungeon:15 true
     0 | D:1      | 0 ||| qw: Do second Lair branch before Depths: true
     0 | D:1      | 0 ||| qw: Lair rune preference: random
     0 | D:1      | 0 ||| qw: Goals: Normal
     0 | D:1      | 0 ||| PLANNING D:1-11
    38 | D:1      | Found Sytyg's Vocational Training.
   196 | D:1      | Reached XP level 2. HP: 23/23 MP: 0/0
   337 | D:1      | Found a faded altar of an unknown god.
   656 | D:1      | 656 ||| UPGRADING to +3 leather armour.
   666 | D:1      | 666 ||| DROPPING +0 leather armour.
   667 | D:1      | 667 ||| READING scroll labelled UDAAXO LOOMO.
   667 | D:1      | 667 ||| IDENTIFYING glowing green potion
   668 | D:1      | 668 ||| READING scroll labelled RUBLIK KESISH.
   669 | D:1      | 669 ||| DROPPING scroll of butterflies.
   685 | D:2      | 685 ||| STAIRDANCE
   696 | D:1      | Reached skill level 4 in Ranged Weapons
   696 | D:1      | Reached XP level 3. HP: 26/28 MP: 0/0
   696 | D:1      | Learned a level 1 spell: Freeze
  1075 | D:2      | 1075 ||| FLEEEEING.
  1197 | D:2      | Reached XP level 4. HP: 34/34 MP: 0/0
  1374 | D:2      | 1374 ||| UPGRADING to ring of protection from cold.
  1375 | D:2      | 1375 ||| READING 2 scrolls labelled WAREPU ADGHU.
  1376 | D:2      | 1376 ||| FLEEEEING.
  1427 | D:3      | Reached skill level 3 in Fighting
  1837 | D:3      | Reached skill level 3 in Dodging
  2143 | D:3      | 2143 ||| UPGRADING to +0 pair of gloves.
  2148 | D:3      | 2148 ||| READING 2 scrolls of identify.
  2148 | D:3      | 2148 ||| IDENTIFYING cyan potion
  2149 | D:3      | 2149 ||| READING scroll of identify.
  2149 | D:3      | 2149 ||| IDENTIFYING lumpy red potion
  2150 | D:3      | 2150 ||| READING scroll labelled ROYG MI ZEST.
  2151 | D:3      | 2151 ||| READING scroll labelled AFIEMOICIL.
  2152 | D:3      | 2152 ||| DROPPING potion of lignification.
  2153 | D:3      | 2153 ||| DROPPING potion of ambrosia.
  2170 | D:4      | 2170 ||| PLANNING SEWER
  2388 | D:4      | Reached XP level 5. HP: 31/40 MP: 0/0
  2388 | D:4      | Learned a level 2 spell: Jinxbite
  2581 | D:4      | Reached skill level 5 in Ranged Weapons
  2581 | D:4      | Reached XP level 6. HP: 22/46 MP: 0/0
  2595 | D:4      | 2595 ||| FLEEEEING.
  2775 | D:4      | Reached skill level 1 in Armour
  2778 | D:4      | 2778 ||| RIP SEWER
  2783 | D:4      | 2783 ||| PLANNING D:1-11
  2859 | D:4      | Noticed an ogre
  2860 | D:4      | 2860 ||| ZAPPING wand of light (3) at 4,-1 (ogre; floor).
  2861 | D:4      | 2861 ||| ZAPPING wand of light (2) at 3,-1 (ogre; floor).
  2861 | D:4      | Killed an ogre
  2968 | D:4      | Found Sonyi's Antique Weapon Shoppe.
  3061 | D:4      | 3061 ||| READING scroll of identify.
  3061 | D:4      | 3061 ||| IDENTIFYING bubbling yellow potion
  3066 | D:5      | Entered Level 5 of the Dungeon
  3139 | D:5      | Reached XP level 7. HP: 52/52 MP: 0/0
  3139 | D:5      | Learned a level 2 spell: Ensorcelled Hibernation
  3193 | D:5      | Found a bloodstained altar of Trog.
  3344 | D:5      | HP: 2/52 [ogre/+0 giant spiked club (21)]
  3345 | D:5      | 3345 ||| READING 2 scrolls of teleportation.
  3347 | D:5      | Slain by an ogre

Levels and vault maps discovered:
D:1:      dpeg_arrival_round_b, layout_loops_cross, basic_ecumenical_altar,
          glass_columns_c, nicolae_shop_vocational
D:2:      layout_loops_ring
D:3:      layout_loops_corners
D:4:      layout_basic, mainiacjoe_sewer_entry_somewhere_in_here_2,
          kennysheep_small_circle
D:5:      layout_basic, mainiacjoe_overflow_brackets,
          minmay_temple_entry_stoned_glass

Skill      XL: |  1  2  3  4  5  6 |
---------------+-------------------+-----
Ranged Weapons | 4 5 |  5.9
Fighting       | 3 4 |  4.0
Dodging        | 3 |  3.1
Armour         | 1 |  1.2
Stealth        | |  0.7

Action                     |  1- 3 |  4- 6 |  7- 9 || total
---------------------------+-------+-------+-------++-------
   Fire: Shortbow          |    88 |   173 |    37 ||   298
  Evoke: Wand              |       |     2 |       ||     2
    Use: Scroll            |     2 |     6 |     1 ||     9
 Armour: Leather armour    |    28 |    69 |    12 ||   109
  Dodge: Dodged            |    24 |    74 |    19 ||   117

Table legend:
 A = Non-vault XP
 B = Vault XP
 C = Vault XP percentage of total XP
 D = Non-vault monster count
 E = Vault monster count
 F = Vault count percentage of total count
                 A         B        C        D         E       F
            +---------+---------+-------+---------+---------+-------
      Total |     671 |      49 |   6.8 |      65 |      10 |  13.3
            +---------+---------+-------+---------+---------+-------
        D:1 |      33 |       0 |   0.0 |      12 |       0 |   0.0
        D:2 |      41 |       0 |   0.0 |      15 |       0 |   0.0
        D:3 |      50 |       0 |   0.0 |      15 |       0 |   0.0
        D:4 |     298 |      49 |  14.1 |      19 |      10 |  34.5
        D:5 |     249 |       0 |   0.0 |       4 |       0 |   0.0
            +---------+---------+-------+---------+---------+-------
